BSA
JERSEY SHORE D-BAGS @ VISTA PANTHERS
08/27/2029
 
TOP OF THE 1ST
Jersey Shore D-Bags batting - Pitching for Vista Panthers : RHP Randy Mailman
Pitching: RHP Randy Mailman
Batting: LHB Juan Hernández 0-0: Swinging Strike
0-1: Called Strike
0-2: Ground out 4-3 (Groundball, 4)
Batting: RHB Ricardo González 0-0: Ball
1-0: Ball
2-0: Ball
3-0: Called Strike
3-1: SINGLE (Flyball, 7LS)
Batting: RHB Ben Morton 0-0: Ball
Ricardo González is caught stealing 2nd base
1-0: Called Strike
1-1: Called Strike
1-2: Ball
2-2: Foul Ball, location: 2F
2-2: Ball
3-2: Foul Ball, location: 2F
3-2: Strikes out swinging
Top of the 1st over - 0 runs, 1 hit, 0 errors, 0 left on base; Jersey Shore 0 - Vista 0
BOTTOM OF THE 1ST
Vista Panthers batting - Pitching for Jersey Shore D-Bags : RHP José Ramos
Pitching: RHP José Ramos
Batting: RHB Johnny Williams 0-0: Swinging Strike
0-1: Called Strike
0-2: DOUBLE (Line Drive, 78D)
Batting: RHB Jake Reeves 0-0: Ball
Wild Pitch!
Johnny Williams to third
1-0: Called Strike
1-1: Ground out 1-3 (Groundball, P)
Batting: LHB Dante Owens 0-0: Ball
1-0: Called Strike
1-1: Called Strike
1-2: Ground out 5-3 (Groundball, 5S)
Batting: SHB Juan Castro 0-0: Called Strike
0-1: Ball
1-1: SINGLE (Groundball, 4D)
Johnny Williams scores
Batting: LHB Noriaki Sangi 0-0: SINGLE (Line Drive, 56)
Juan Castro to second
Batting: RHB Carlos García 0-0: Foul Ball, location: 2F
0-1: Ball
1-1: Fly out, F7 (Flyball, 7LD)
Bottom of the 1st over - 1 run, 3 hits, 0 errors, 2 left on base; Jersey Shore 0 - Vista 1
TOP OF THE 2ND
Jersey Shore D-Bags batting - Pitching for Vista Panthers : RHP Randy Mailman
Batting: RHB Miguel Serna 0-0: SINGLE (Groundball, 15S) (infield hit)
Batting: LHB António Cedeño 0-0: Ball
1-0: Ball
2-0: Grounds into double play, U6-3 (Groundball, 4M)
Batting: LHB Albert Morgan 0-0: Ball
1-0: Called Strike
1-1: Ball
2-1: TRIPLE (Line Drive, 89D)
Batting: RHB Kel Pierce 0-0: Fly out, F6 (Line Drive, 6M)
Top of the 2nd over - 0 runs, 2 hits, 0 errors, 1 left on base; Jersey Shore 0 - Vista 1
BOTTOM OF THE 2ND
Vista Panthers batting - Pitching for Jersey Shore D-Bags : RHP José Ramos
Batting: RHB Phil Matthews 0-0: Ball
1-0: Swinging Strike
1-1: Ground out 6-3 (Groundball, 6MD)
Batting: RHB Luis Ríos 0-0: Foul Ball, location: 2F
0-1: Ground out 6-3 (Groundball, 6S)
Batting: LHB Francisco Medina 0-0: Called Strike
0-1: Ground out 5-3 (Groundball, 56S)
Bottom of the 2nd over - 0 runs, 0 hits, 0 errors, 0 left on base; Jersey Shore 0 - Vista 1
TOP OF THE 3RD
Jersey Shore D-Bags batting - Pitching for Vista Panthers : RHP Randy Mailman
Batting: LHB Ed Murray 0-0: Ball
1-0: Called Strike
1-1: Foul Ball, location: 2F
1-2: Strikes out swinging
Batting: RHB Mike Ingram 0-0: Called Strike
0-1: Ball
1-1: Fly out, F8 (Flyball, 8LXD)
Batting: LHB Juan Hernández 0-0: Called Strike
0-1: Ground out 6-3 (Groundball, 6)
Top of the 3rd over - 0 runs, 0 hits, 0 errors, 0 left on base; Jersey Shore 0 - Vista 1
BOTTOM OF THE 3RD
Vista Panthers batting - Pitching for Jersey Shore D-Bags : RHP José Ramos
Batting: RHB Johnny Williams 0-0: Foul Ball, location: 2F
0-1: Ball
1-1: Ball
2-1: Ball
3-1: Base on Balls
Batting: RHB Jake Reeves 0-0: Ball
Johnny Williams steals 2nd base
1-0: Called Strike
1-1: Ball
2-1: Called Strike
2-2: Ball
3-2: Fly out, F9 (Flyball, 89D)
Runner from 2nd tags up, SAFE at 3rd, no throw
Batting: LHB Dante Owens 0-0: Ball
1-0: Called Strike
1-1: Ground out 4-3 (Groundball, 4)
Johnny Williams scores
Batting: SHB Juan Castro 0-0: Ball
1-0: Called Strike
1-1: Ground out U3 (Groundball, 3)
Bottom of the 3rd over - 1 run, 0 hits, 0 errors, 0 left on base; Jersey Shore 0 - Vista 2
TOP OF THE 4TH
Jersey Shore D-Bags batting - Pitching for Vista Panthers : RHP Randy Mailman
Batting: RHB Ricardo González 0-0: Called Strike
0-1: Ball
1-1: Ball
2-1: Foul Ball, location: 2F
2-2: Foul Ball, location: 2F
2-2: Ball
3-2: Ground out 6-3 (Groundball, 6)
Batting: RHB Ben Morton 0-0: Ball
1-0: Foul Ball, location: 2F
1-1: Fly out, F9 (Line Drive, 89M)
Batting: RHB Miguel Serna 0-0: SINGLE (Popup, 3D)
Batting: LHB António Cedeño 0-0: Ball
1-0: Fly out, F7 (Flyball, 78M)
Top of the 4th over - 0 runs, 1 hit, 0 errors, 1 left on base; Jersey Shore 0 - Vista 2
BOTTOM OF THE 4TH
Vista Panthers batting - Pitching for Jersey Shore D-Bags : RHP José Ramos
Batting: LHB Noriaki Sangi 0-0: Ball
1-0: Ball
2-0: Called Strike
2-1: SINGLE (Flyball, 78S)
Batting: RHB Carlos García 0-0: Called Strike
0-1: SINGLE (Line Drive, 78S)
Noriaki Sangi to second
Batting: RHB Phil Matthews 0-0: Ball
1-0: Ball
2-0: Ball
3-0: Base on Balls
Noriaki Sangi to third
Carlos García to second
Batting: RHB Luis Ríos 0-0: Ball
1-0: Called Strike
1-1: Ground out U3 (Groundball, 34S)
Noriaki Sangi scores
Carlos García to third
Phil Matthews to second
Batting: LHB Francisco Medina 0-0: Called Strike
0-1: Ball
1-1: Called Strike
1-2: Foul Ball, location: 2F
1-2: Ball
2-2: Fly out, F8 (Flyball, 8RS)
Runner from 3rd tags up, SCORES, no throw
Batting: RHB Johnny Williams 0-0: Foul Ball, location: 2F
0-1: Ball
1-1: Fly out, F7 (Flyball, 78S)
Bottom of the 4th over - 2 runs, 2 hits, 0 errors, 1 left on base; Jersey Shore 0 - Vista 4
TOP OF THE 5TH
Jersey Shore D-Bags batting - Pitching for Vista Panthers : RHP Randy Mailman
Batting: LHB Albert Morgan 0-0: Called Strike
0-1: DOUBLE (Line Drive, 89XD)
Batting: RHB Kel Pierce 0-0: Ball
1-0: Ball
2-0: Called Strike
2-1: Ball
3-1: Base on Balls
Batting: LHB Ed Murray 0-0: Foul Ball, location: 2F
0-1: Called Strike
0-2: Ball
1-2: Foul Ball, location: 2F
1-2: Fielders Choice at 2nd, 4-6 (Groundball, 4)
Albert Morgan to third
Batting: RHB Mike Ingram 0-0: Ball
1-0: Swinging Strike
1-1: Fly out, F6 (Line Drive, 6)
Batting: LHB Juan Hernández 0-0: SINGLE (Groundball, 56D)
Albert Morgan scores
Ed Murray to second
Batting: RHB Ricardo González 0-0: SINGLE (Line Drive, 89M)
Ed Murray to third
Juan Hernández to second
Runner from 3rd tries for Home, SAFE, throw made home
Batting: RHB Ben Morton 0-0: SINGLE (Groundball, 34D)
Juan Hernández to third
Ricardo González to second
Runner from 3rd tries for Home, SAFE, throw made home
Batting: RHB Miguel Serna 0-0: Called Strike
0-1: Ball
1-1: Ball
2-1: Foul Ball, location: 2F
2-2: Fly out, F8 (Flyball, 8RD)
Top of the 5th over - 3 runs, 4 hits, 0 errors, 2 left on base; Jersey Shore 3 - Vista 4
BOTTOM OF THE 5TH
Vista Panthers batting - Pitching for Jersey Shore D-Bags : RHP José Ramos
Batting: RHB Jake Reeves 0-0: Fly out, F7 (Flyball, 78S)
Batting: LHB Dante Owens 0-0: SINGLE (Groundball, 6MD)
Batting: SHB Juan Castro 0-0: Foul Ball, location: 2F
0-1: Foul Ball, location: 2F
0-2: Ball
1-2: Ball
2-2: Ball
3-2: Fly out, F5 (Popup, 5F)
Batting: LHB Noriaki Sangi 0-0: Ball
1-0: Ball
2-0: SINGLE (Groundball, 34D)
Dante Owens to second
Runner from 2nd tries for 3rd, SAFE, no throw
Batting: RHB Carlos García 0-0: Swinging Strike
0-1: Ball
1-1: Foul Ball, location: 2F
1-2: SINGLE (Flyball, 89M)
Dante Owens scores
Noriaki Sangi to second
Runner from 2nd tries for 3rd, SAFE, no throw
Batting: RHB Phil Matthews 0-0: Ball
1-0: Foul Ball, location: 2F
1-1: Ball
2-1: Fly out, F9 (Flyball, 9LM)
Bottom of the 5th over - 1 run, 3 hits, 0 errors, 2 left on base; Jersey Shore 3 - Vista 5
TOP OF THE 6TH
Jersey Shore D-Bags batting - Pitching for Vista Panthers : RHP Randy Mailman
Batting: LHB António Cedeño 0-0: Ball
1-0: Fly out, F8 (Line Drive, 8RD)
Batting: LHB Albert Morgan 0-0: Ball
1-0: SINGLE (Line Drive, 8LS)
Batting: RHB Kel Pierce 0-0: Ball
1-0: DOUBLE (Line Drive, 9LM)
Albert Morgan to third
Runner from 3rd tries for Home, SAFE, no throw
Pitching: RHP Dave Riley
Batting: LHB Ed Murray 0-0: Ball
1-0: Ball
2-0: Ground out 5-3 (Groundball, 56)
Batting: RHB Mike Ingram 0-0: Swinging Strike
0-1: Swinging Strike
0-2: Strikes out swinging
Top of the 6th over - 1 run, 2 hits, 0 errors, 1 left on base; Jersey Shore 4 - Vista 5
BOTTOM OF THE 6TH
Vista Panthers batting - Pitching for Jersey Shore D-Bags : RHP José Ramos
Pitching: LHP Aaron Gibbs
Batting: RHB Luis Ríos 0-0: Called Strike
0-1: Ball
1-1: Ball
2-1: Fly out, F8 (Flyball, 78M)
Batting: LHB Francisco Medina 0-0: Ball
1-0: Fly out, F8 (Flyball, 8RM)
Batting: RHB Johnny Williams 0-0: Ball
1-0: Foul Ball, location: 2F
1-1: Ball
2-1: Foul Ball, location: 2F
2-2: Ball
3-2: Fly out, F9 (Flyball, 9)
Bottom of the 6th over - 0 runs, 0 hits, 0 errors, 0 left on base; Jersey Shore 4 - Vista 5
TOP OF THE 7TH
Jersey Shore D-Bags batting - Pitching for Vista Panthers : RHP Dave Riley
Pitching: LHP António Martínez
Batting: LHB Juan Hernández 0-0: Called Strike
0-1: Ball
1-1: Called Strike
1-2: Ball
2-2: Strikes out swinging
Pitching: RHP José Betancourt
Batting: RHB Ricardo González 0-0: Ball
1-0: Ball
2-0: Swinging Strike
2-1: Swinging Strike
2-2: Ball
3-2: Strikes out swinging
Batting: RHB Ben Morton 0-0: Called Strike
0-1: Foul Ball, location: 2F
0-2: Foul Ball, location: 2F
0-2: Ball
1-2: Ground out 6-3 (Groundball, 6S)
Top of the 7th over - 0 runs, 0 hits, 0 errors, 0 left on base; Jersey Shore 4 - Vista 5
BOTTOM OF THE 7TH
Vista Panthers batting - Pitching for Jersey Shore D-Bags : LHP Aaron Gibbs
Batting: RHB Jake Reeves 0-0: Ball
1-0: SINGLE (Flyball, 6D)
Batting: LHB Dante Owens 0-0: Ball
1-0: Ball
2-0: Ball
3-0: Called Strike
3-1: Grounds into double play, 4-6-3 (Groundball, 34)
Batting: SHB Juan Castro 0-0: Ball
1-0: Ball
2-0: Ball
3-0: Called Strike
3-1: Called Strike
3-2: Strikes out swinging
Bottom of the 7th over - 0 runs, 1 hit, 0 errors, 0 left on base; Jersey Shore 4 - Vista 5
TOP OF THE 8TH
Jersey Shore D-Bags batting - Pitching for Vista Panthers : RHP José Betancourt
Batting: RHB Miguel Serna 0-0: Called Strike
0-1: SINGLE (Groundball, 56D)
Pitching: LHP Don Sutherland
Pinch Hitting: RHB Francisco Sandoval 0-0: Ball
1-0: Foul Ball, location: 2F
1-1: Ball
2-1: Ball
3-1: SINGLE (Groundball, 56S) (infield hit)
Miguel Serna to second
Batting: LHB Albert Morgan 0-0: Fly out, F9 (Flyball, 9S)
Batting: RHB Kel Pierce 0-0: Ball
1-0: Ground out 6-3 (Groundball, 6S)
Miguel Serna to third
Francisco Sandoval to second
Batting: LHB Ed Murray 0-0: Ball
1-0: Ball
2-0: Foul Ball, location: 2F
2-1: Ball
3-1: Called Strike
3-2: DOUBLE (Groundball, 3L)
Miguel Serna scores
Francisco Sandoval scores
Batting: RHB Mike Ingram 0-0: TRIPLE (Groundball, 5L)
Ed Murray scores
Batting: LHB Juan Hernández 0-0: Fly out, F9 (Flyball, 89M)
Top of the 8th over - 3 runs, 4 hits, 0 errors, 1 left on base; Jersey Shore 7 - Vista 5
BOTTOM OF THE 8TH
Vista Panthers batting - Pitching for Jersey Shore D-Bags : LHP Aaron Gibbs
Now at 1B: José Pinto
Batting: LHB Noriaki Sangi 0-0: Ball
1-0: Foul Ball, location: 2F
1-1: Ball
2-1: Fly out, F8 (Flyball, 8LD)
Batting: RHB Carlos García 0-0: Called Strike
0-1: Foul Ball, location: 2F
0-2: Ball
1-2: Strikes out looking
Batting: RHB Phil Matthews 0-0: Called Strike
0-1: SINGLE (Line Drive, 89M)
Batting: RHB Luis Ríos 0-0: Ball
1-0: Fielders Choice at 2nd, 6-4 (Groundball, 6)
Bottom of the 8th over - 0 runs, 1 hit, 0 errors, 1 left on base; Jersey Shore 7 - Vista 5
TOP OF THE 9TH
Jersey Shore D-Bags batting - Pitching for Vista Panthers : LHP Don Sutherland
Batting: RHB Ricardo González 0-0: Foul Ball, location: 2F
0-1: Ball
1-1: Ground out 5-3 (Groundball, 56)
Batting: RHB Ben Morton 0-0: Ball
1-0: Ball
2-0: Foul Ball, location: 2F
2-1: Swinging Strike
2-2: Foul Ball, location: 2F
2-2: Strikes out looking
Batting: RHB Miguel Serna 0-0: Ball
1-0: Called Strike
1-1: Fly out, F9 (Flyball, 9S)
Top of the 9th over - 0 runs, 0 hits, 0 errors, 0 left on base; Jersey Shore 7 - Vista 5
BOTTOM OF THE 9TH
Vista Panthers batting - Pitching for Jersey Shore D-Bags : LHP Aaron Gibbs
Batting: LHB Francisco Medina 0-0: Ball
1-0: Ball
2-0: Ball
3-0: Base on Balls
Batting: RHB Johnny Williams 0-0: Ball
1-0: Ball
2-0: Ball
3-0: Called Strike
3-1: Base on Balls
Francisco Medina to second
Batting: RHB Jake Reeves 0-0: Called Strike
0-1: Called Strike
0-2: SINGLE (Line Drive, 7S)
Francisco Medina to third
Johnny Williams to second
Pitching: RHP John Hall
Batting: LHB Dante Owens 0-0: Called Strike
0-1: SINGLE (Groundball, 4D)
Francisco Medina scores
Johnny Williams to third
Jake Reeves to second
Runner from 3rd tries for Home, SAFE, no throw
Pinch Runner at 2nd Francisco Marino:
Batting: SHB Juan Castro 0-0: Foul Ball, location: 2F
0-1: Foul Ball, location: 2F
0-2: Foul Ball, location: 2F
0-2: SINGLE (Line Drive, 7LM)
Francisco Marino to third
Dante Owens to second
Batting: LHB Noriaki Sangi 0-0: Ball
1-0: Foul Ball, location: 2F
1-1: Grounds into double play, 4-2-3 (Groundball, 4M)
Dante Owens to third
Juan Castro to second
Batting: RHB Carlos García 0-0: Foul Ball, location: 2F
0-1: Ball
1-1: Ball
2-1: SINGLE (Flyball, 7S)
Dante Owens scores
Saturday, December 16th, 2017 - OOTP Baseball 18.8 Build 76